 Dungeon Crawl Stone Soup version 0.22-a0-776-ge6d7efa (webtiles) character file.

718 Hebeh the Conjurer (level 7, -4/36 HPs)
             Began as a Deep Elf Conjurer on July 18, 2018.
             Slain by a sky beast (6 damage)
             ... on level 5 of the Dungeon.
             The game lasted 00:15:53 (5800 turns).

Hebeh the Conjurer (Deep Elf Conjurer)              Turns: 5800, Time: 00:15:54

Health: -4/36      AC:  5    Str:  5    XL:     7   Next: 42%
Magic:  1/17       EV: 13    Int: 22    God:
Gold:   195        SH:  0    Dex: 15    Spells: 6/17 levels left

rFire    . . .     SeeInvis .   d - -3 short sword (curse)
rCold    . . .     Gourm    .   (no shield)
rNeg     . . .     Faith    .   a - +0 robe
rPois    .         Spirit   .   (no helmet)
rElec    .         Reflect  .   v - +0 cloak
rCorr    .         Harm     .   t - +1 pair of gloves
MR       .....                  (no boots)
Stlth    ++........             (no amulet)
HPRegen  0.12/turn              (no ring)
MPRegen  0.15/turn              (no ring)

@: no status effects
A: no striking features
a: no special abilities


You were on level 5 of the Dungeon.
You were hungry.

You visited 2 branches of the dungeon, and saw 6 of its levels.

You collected 195 gold pieces.

Inventory:

Hand Weapons
 d - a cursed -3 short sword (weapon)
 g - a +0 dagger
 n - a +0 hunting sling
 p - a +2 dagger of venom
Missiles
 b - 257 stones (quivered)
 k - 23 bolts
 q - 21 sling bullets
 x - 7 exploding tomahawks
 B - 14 arrows
Armour
 a - a +0 robe (worn)
 t - a +1 pair of gloves (worn)
 v - a +0 cloak (worn)
Scrolls
 f - 2 scrolls of identify {unknown}
 i - 3 scrolls of amnesia {unknown}
 j - a scroll of magic mapping {unknown}
 m - 4 scrolls of remove curse {unknown}
 s - 3 scrolls of enchant weapon {unknown}
 y - a scroll of fear {unknown}
 z - a scroll of blinking {unknown}
 A - a scroll of noise {unknown}
Potions
 e - a potion of haste {unknown}
 h - 3 potions of cancellation {unknown}
 l - a potion of ambrosia {unknown}
 o - a potion of curing {unknown}
 r - a potion of agility {unknown}
 u - a potion of magic {unknown}
 w - a potion of brilliance {unknown}
Comestibles
 c - 10 rations


   Skills:
 - Level 2.4 Dodging
 - Level 2.4 Stealth
 + Level 5.9 Spellcasting
 * Level 7.6 Conjurations
 * Level 4.6 Translocations


You had 6 spell levels left.
You knew the following spells:

 Your Spells              Type           Power        Failure   Level  Hunger
a - Magic Dart            Conj           ####         1%          1    None
b - Iskenderun's Mystic   Conj           #####...     4%          4    ###....
c - Searing Ray           Conj           #####.       1%          2    None
d - Force Lance           Conj/Tloc      ####....     8%          4    ###....

Your spell library contained the following spells:

 Spells                   Type           Power        Failure   Level  Hunger
 Fulminant Prism          Conj/Hex       ###.......   19%         4    ###....
 Dazzling Spray           Conj/Hex       ###...       6%          3    #......


Dungeon Overview and Level Annotations

Branches:
Dungeon (5/15)             Temple (1/1) D:5

Altars:
Dithmenos
Elyvilon
Fedhas
Gozag
Hepliaklqana
Makhleb
Nemelex Xobeh
Okawaru
Qazlal
Sif Muna
Trog
Wu Jian
Xom
Yredelemnul
The Shining One


Message History

* * * LOW HITPOINT WARNING * * *
The sky beast flickers out of sight!
Deactivating autopickup; reactivate with Ctrl-A.
Casting: Magic Dart (safe; 1% risk of failure)
Confirm with . or Enter, or press ? or * to list all spells.
Aiming: Magic Dart (safe; 1% risk of failure)
Press: ? - help, Shift-Dir - straight line, f - scorpion
Aim: a scorpion The magic dart hits something.
Something hits you but does no damage.
Casting: Magic Dart (safe; 1% risk of failure)
Confirm with . or Enter, or press ? or * to list all spells.
Aiming: Searing Ray (safe; 1% risk of failure)
Press: ? - help, Shift-Dir - straight line, f/p - scorpion
Aim: a scorpion The searing ray hits something. (Press . to maintain the ray.)
Something hits you.
* * * LOW HITPOINT WARNING * * *
Something shocks you.
You die...

###### ######## #....#
#......####### #....#
######@.....##....# #....#
#....#......##....# #....#
#....#s.....##....#
###....###....#......##....#####
#>.......+....+......''....+....
#.#..................##....#####
#.+.......#.#...................
###......#.#.#)......###########
#.....#.#.#.#............# #


You could see a scorpion.

Vanquished Creatures
  2 ogres
  2 scorpions
  A quasit (D:5)
  3 hounds
  A bullfrog skeleton (D:5)
  2 orc wizards (D:4)
  An iguana (D:4)
  A worker ant (D:4)
  5 adders
  3 river rats (D:4)
  6 oozes
  A worm (D:3)
  9 orcs
  3 giant cockroaches
  6 goblins
  11 hobgoblins
  2 jackals (D:2)
  9 kobolds
  4 quokkas
  4 ball pythons
  7 bats
  3 frilled lizards
  11 rats
97 creatures vanquished.

Notes
Turn   | Place    | Note
-------+----------+-------------------------------------------
     0 | D:1      | Hebeh the Deep Elf Conjurer began the quest for the Orb.
     0 | D:1      | Reached XP level 1. HP: 10/10 MP: 6/6
   180 | D:1      | Reached XP level 2. HP: 15/15 MP: 6/8
   598 | D:1      | Reached skill level 5 in Conjurations
  1068 | D:1      | Reached XP level 3. HP: 19/19 MP: 2/10
  1819 | D:2      | Reached XP level 4. HP: 24/24 MP: 7/12
  1949 | D:2      | Found a bloodstained altar of Trog.
  2067 | D:2      | Learned a level 4 spell: Iskenderun's Mystic Blast
  2070 | D:2      | Learned a level 2 spell: Searing Ray
  2075 | D:2      | Learned a level 4 spell: Force Lance
  2095 | D:2      | Found a blossoming altar of Fedhas.
  2399 | D:3      | Reached skill level 6 in Conjurations
  2399 | D:3      | Reached skill level 1 in Translocations
  2399 | D:3      | Reached XP level 5. HP: 20/28 MP: 6/13
  3128 | D:3      | Found a white marble altar of Elyvilon.
  3181 | D:3      | Found a basalt altar of Yredelemnul.
  3885 | D:4      | Reached XP level 6. HP: 7/32 MP: 3/15
  4195 | D:4      | Reached skill level 5 in Spellcasting
  4344 | D:4      | Found a shimmering altar of Xom.
  4472 | D:4      | Reached skill level 7 in Conjurations
  5232 | D:5      | Entered Level 5 of the Dungeon
  5236 | D:5      | Found a shadowy altar of Dithmenos.
  5287 | D:5      | Reached XP level 7. HP: 36/36 MP: 9/17
  5351 | D:5      | Found a staircase to the Ecumenical Temple.
  5409 | Temple   | Entered the Ecumenical Temple
  5800 | D:5      | Slain by a sky beast

Vault maps used:
D:1:      erik_arrival_gehennom
D:2:      lemuel_doored_altar, lemuel_crystal_altar, first_ration
D:3:      kennysheep_ying_yang
D:4:      portal_sewer_entry_a, xom_teletrap_fun
D:5:      wad_crossroads, nicolae_dithmenos_the_darkroom,
          chequers_temple_overflow_statue_of_worship, minmay_temple_entry_grid
Temple:   compressed_dpeg_triangle_lava_temple

Skill      XL: |  1  2  3  4  5  6 |
---------------+-------------------+-----
Conjurations   | 5 6 7 |  7.6
Spellcasting   | 4 5 |  5.9
Translocations | 1 2 4 |  4.6
Dodging        | |  2.4
Stealth        | |  2.4

Action                   |  1- 3 |  4- 6 |  7- 9 || total
-------------------------+-------+-------+-------++-------
 Cast: Magic Dart        |    85 |   146 |    20 ||   251
       Searing Ray       |       |     5 |     2 ||     7
       Iskenderun's Myst |       |       |     4 ||     4
  Eat: Chunk             |     3 |    10 |     1 ||    14
Armor: Robe              |     1 |     6 |     8 ||    15
Dodge: Dodged            |     5 |    36 |    13 ||    54

Table legend:
 A = Spawn XP
 B = Non-spawn XP
 C = Spawn XP percentage of total XP
 D = Spawn monster count
 E = Non-spawn monster count
 F = Spawn count percentage of total count
 G = Total turns spent on level
                    A         B        C        D         E        F      G
               +---------+---------+-------+---------+---------+-------+---------
         Total |       0 |    1026 |   0.0 |       0 |      97 |   0.0 |  5800
               +---------+---------+-------+---------+---------+-------+---------
           D:1 |       0 |      60 |   0.0 |       0 |      26 |   0.0 |  1444
           D:2 |       0 |      64 |   0.0 |       0 |      21 |   0.0 |   845
           D:3 |       0 |     111 |   0.0 |       0 |      18 |   0.0 |  1278
           D:4 |       0 |     492 |   0.0 |       0 |      27 |   0.0 |  1665
           D:5 |       0 |     299 |   0.0 |       0 |       5 |   0.0 |   242
               +---------+---------+-------+---------+---------+-------+---------
